 Dungeon Crawl Stone Soup version 0.26.1-11-gd32895ea62 (webtiles) character file.

Game seed: 8357268312893569022

441 Almogavar the Slasher (level 6, -4/84 HPs)
             Began as a Minotaur Berserker on Apr 13, 2021.
             Was a Priest of Trog.
             Slain by a wolf (8 damage)
             ... on level 5 of the Dungeon.
             The game lasted 00:06:50 (3728 turns).

Almogavar the Slasher (Minotaur Berserker)          Turns: 3728, Time: 00:06:51

Health: -4/84      AC:  8    Str: 23    XL:     6   Next: 70%
Magic:  5/5        EV: 11    Int:  4    God:    Trog [***...]
Gold:   168        SH:  0    Dex: 10    Spells: 5/5 levels left

rFire    . . .     SeeInvis .   a - +0 falchion
rCold    . . .     Faith    .   (no shield)
rNeg     . . .     Spirit   .   i - +0 scale mail
rPois    .         Reflect  .   (helmet restricted)
rElec    .         Harm     .   (no cloak)
rCorr    .         Rampage  .   u - +0 pair of gloves
Will     .....                  (no boots)
Stlth    ..........             (no amulet)
HPRegen  0.24/turn              (no ring)
MPRegen  0.09/turn              (no ring)

@: berserking, very quick
A: retaliatory headbutt, horns 2
a: Renounce Religion, Berserk, Trog's Hand


You were on level 5 of the Dungeon.
You worshipped Trog.
Trog was most pleased with you.
You visited 1 branch of the dungeon, and saw 5 of its levels.

You collected 168 gold pieces.

Inventory:

Hand Weapons
 a - a +0 falchion (weapon)
Missiles
 e - 106 stones
 s - 19 bolts
 v - 16 sling bullets
Armour
 i - a +0 scale mail (worn)
 o - a +0 chain mail
 p - a +0 kite shield
 u - a +0 pair of gloves (worn)
Wands
 n - a wand of paralysis (9)
Scrolls
 b - 2 scrolls of remove curse {unknown}
 c - a scroll of enchant weapon
 d - a scroll of magic mapping {unknown}
 h - 2 scrolls of teleportation
 k - a scroll of amnesia {unknown}
 m - a scroll of immolation {unknown}
 q - 2 scrolls of enchant armour {unknown}
 w - a scroll of fog {unknown}
Potions
 f - a potion of haste {unknown}
 g - 3 potions of curing
 j - a potion of lignification {unknown}
 l - a potion of heal wounds {unknown}
 r - 3 potions of flight {unknown}
 t - a potion of invisibility {unknown}


   Skills:
 + Level 5.2 Fighting
 + Level 6.6 Long Blades
 + Level 4.9 Armour
 + Level 3.1 Dodging


You had 5 spell levels left.
You didn't know any spells.
Your spell library was empty.

Dungeon Overview and Level Annotations

Branches:
Dungeon (5/15)
 Temple: D:4-7

Altars:
Hepliaklqana

Shops:
D:4 *   D:5 [


Innate Abilities, Weirdness & Mutations

You reflexively headbutt those who attack you in melee.
You have a pair of horns on your head.


Message History

The wolf bites you but does no damage.
You closely miss the wolf. Your headbutt misses the wolf. The wolf bites you!
* * * LOW HITPOINT WARNING * * *
The wolf barely misses you.
A red film seems to cover your vision as you go berserk!
You feel yourself moving faster!
You feel mighty! The wolf bites you.
* * * LOW HITPOINT WARNING * * *
The wolf bites you!
* * * LOW HITPOINT WARNING * * *
You miss the wolf. The wolf bites you but does no damage.
You hit the wolf.
The wolf is moderately wounded.
The wolf closely misses you.
You closely miss the wolf.
The wolf is moderately wounded.
The wolf bites you but does no damage.
You miss the wolf.
The wolf is moderately wounded.
The wolf bites you!
You die...

... .... ...
....... ....
....... .....
.....# .....#
....[#. ......#
##.......
#...(.###........
.#......@h........
..###.....).....#
...###.?........#
#..............#
#...............#
###...........##..
..............# .
#######.......#
#.<.....#


You could see a wolf.

Vanquished Creatures
  Menkaure (D:4)
  A hound (D:4)
  2 orc wizards
  An orc priest (D:3)
  A worker ant (D:4)
  6 gnolls
  2 adders
  2 worms
  A dart slug (D:1)
  2 leopard geckos
  13 orcs
  8 bats
  5 giant cockroaches
  10 goblins
  8 hobgoblins
  6 jackals
  3 quokkas
  A ball python (D:5)
  2 frilled lizards
  7 kobolds
  3 rats
85 creatures vanquished.

Notes
Turn   | Place    | Note
-------+----------+-------------------------------------------
     0 | D:1      | Almogavar the Minotaur Berserker began the quest for the
                  | Orb.
     0 | D:1      | Reached XP level 1. HP: 19/19 MP: 0/0
   249 | D:1      | Reached XP level 2. HP: 27/27 MP: 1/1
   369 | D:1      | Reached skill level 4 in Long Blades
  1047 | D:2      | Reached ** piety under Trog
  1088 | D:2      | Reached XP level 3. HP: 30/33 MP: 2/2
  1584 | D:2      | Reached XP level 4. HP: 41/41 MP: 3/3
  1593 | D:2      | Reached skill level 5 in Long Blades
  2085 | D:3      | Reached XP level 5. HP: 41/47 MP: 4/4
  2222 | D:3      | Reached *** piety under Trog
  2414 | D:3      | Found a hazy altar of Hepliaklqana.
  2813 | D:4      | Reached skill level 6 in Long Blades
  2813 | D:4      | Reached XP level 6. HP: 38/55 MP: 5/5
  2989 | D:4      | Reached skill level 5 in Fighting
  3133 | D:4      | Noticed Menkaure
  3138 | D:4      | Killed Menkaure
  3434 | D:4      | Found Fiemu's Assorted Antiques.
  3691 | D:5      | Entered Level 5 of the Dungeon
  3691 | D:5      | Found Byib's Armour Boutique.
  3724 | D:5      | HP: 3/84 [wolf (7)]
  3728 | D:5      | Slain by a wolf

Illustrated notes

Levels and vault maps discovered:
D:1:      eino_arrival_cavern_b, layout_loops_corners
D:2:      layout_rooms
D:3:      layout_basic, nzn_hepliaklqana_mist_gate
D:4:      layout_basic, serial_shops, nicolae_shop_statue_plus, uniq_menkaure
D:5:      layout_cave_pools, nicolae_overflow_hidden_temple,
          minmay_temple_entry_junction, serial_gnoll_camp,
          gnoll_camp_mini_loothouse, gnoll_camp_mini_basic, grums_kennel,
          gnoll_camp_huts_moat, gnoll_camp_mini_doghouse, gnoll_camp_mini_basic,
          serial_shops, shop, kennysheep_generic_room_12

Skill      XL: |  1  2  3  4  5  6 |
---------------+-------------------+-----
Long Blades    | 4 5 6 |  6.6
Fighting       | 4 5 |  5.2
Armour         | 3 4 |  4.9
Dodging        | 3 |  3.1

Action                   |  1- 3 |  4- 6 || total
-------------------------+-------+-------++-------
Melee: Falchion          |    79 |   126 ||   205
       Headbutt          |    11 |    24 ||    35
Invok: Berserk           |     1 |     2 ||     3
  Use: Scroll            |     3 |       ||     3
Armor: Animal skin       |     2 |       ||     2
       Scale mail        |    16 |    37 ||    53
Dodge: Dodged            |    40 |    64 ||   104
       Rpst.: Falchion   |    11 |    16 ||    27
